 Dungeon Crawl Stone Soup version 0.23.2-1-ga50397a (webtiles) character file.

Game seed: 1429741302018097009

1354 Fang the Skirmisher (level 8, 0/52 HPs)
             Began as a Gargoyle Berserker on Apr 16, 2019.
             Was an Elder of Trog.
             Killed by divine providence
             ... invoked by an orc priest
              (11 damage)
             ... on level 7 of the Dungeon.
             The game lasted 00:05:50 (6240 turns).

Fang the Skirmisher (Gargoyle Berserker)            Turns: 6240, Time: 00:05:51

Health: 0/52       AC: 19    Str: 22    XL:     8   Next: 63%
Magic:  8/8        EV:  8    Int: 12    God:    Trog [****..]
Gold:   384        SH:  0    Dex:  9    Spells: 7/7 levels left

rFire    . . .     SeeInvis .   v - +0 hand axe of Red Wine {holy, rElec rPois Int-2}
rCold    . . .     Gourm    .   (no shield)
rNeg     + . .     Faith    .   b - +1 plate armour
rPois    ∞         Spirit   .   (no helmet)
rElec    +         Reflect  .   (no cloak)
rCorr    .         Harm     .   (no gloves)
MR       .....                  (no boots)
Stlth    ..........             q - amulet of inaccuracy (curse)
HPRegen  0.17/turn              w - +5 ring of intelligence
MPRegen  0.11/turn              (no ring)

@: confused, berserk cooldown, slowed, very slow
A: negative energy resistance 1, electricity resistance, unbreathing,
petrification resistance, rot immunity, AC +5
a: Berserk, Trog's Hand, Brothers in Arms, Renounce Religion


You were on level 7 of the Dungeon.
You worshipped Trog.
Trog was greatly pleased with you.
You were hungry.

You visited 1 branch of the dungeon, and saw 7 of its levels.
You also visited: Sewer.

You collected 384 gold pieces.

Inventory:

Hand Weapons
 a - a +4 war axe
 v - the +0 hand axe of Red Wine (weapon) {holy, rElec rPois Int-2}
   (You found it on level 5 of the Dungeon)

   It has been blessed by the Shining One to cause great damage to the undead
   and demons.
   It affects your intelligence (-2).
   It insulates you from electricity.
   It protects you from poison.
Armour
 b - a +1 plate armour (worn)
Jewellery
 f - an uncursed amulet of rage
 q - a cursed amulet of inaccuracy (around neck)
 w - a +5 ring of intelligence (left hand)
Wands
 o - a wand of iceblast (1)
 u - a wand of polymorph (8)
Scrolls
 e - 4 scrolls of fear
 h - 4 scrolls of teleportation
 i - 12 scrolls of identify
 l - a scroll of enchant armour
 r - a scroll of enchant weapon
Potions
 d - 4 potions of flight
 g - a potion of degeneration {unknown}
 j - 4 potions of curing
 k - 2 potions of haste
 m - a potion of berserk rage
 p - 2 potions of might
Comestibles
 c - 12 rations
 n - 3 chunks of flesh


   Skills:
 + Level 6.5 Fighting
 + Level 5.3 Axes
 + Level 5.9 Armour
 + Level 4.4 Dodging


You had 7 spell levels left.
You didn't know any spells.
Your spell library was empty.

Dungeon Overview and Level Annotations

Branches:
Dungeon (7/15)             Temple (0/1) D:5

Altars:
Dithmenos
Fedhas
Kikubaaqudgha
Ru
Sif Muna

Shops:
D:7 (


Innate Abilities, Weirdness & Mutations

You are resistant to torment.
Your stone body is resilient. (AC +5)
You are immune to poison.
You resist negative energy. (rN+)
You are resistant to electric shocks. (rElec)
You can survive without breathing.
You are immune to petrification.
You are immune to rotting.


Message History

The orc barely misses you.
The orc priest hits you but does no damage.
You're too confused to move!
A magic dart appears from out of thin air!
The magic dart hits you.
* * * LOW HITPOINT WARNING * * *
The orc warrior hits you but does no damage.
The orc priest calls upon Beogh to heal the orc priest.
The orc priest's wounds heal themselves!
You feel your anger nearly subside.
You are no longer berserk.
You are exhausted.
You feel yourself slow down.
The orc priest miscasts a cantrip.
The orc warrior hits you with a +1 war axe of flaming.
* * * LOW HITPOINT WARNING * * *
The orc warrior burns you.
* * * LOW HITPOINT WARNING * * *
The orc priest mumbles some strange prayers to Beogh against you.
Beogh smites you!
You die...

..... ..# <....# ###..
.......##...# ............###
............. #.........##
###.>..o{....##...
.)....$..oo...#....
.....!...o.@...>.... ...
.......(...........# ....
........##.....(...######....
........#..........#........ .
##..........................
..#..................#........
...|.......<..................
#.....................#......
..#.........................


You could see an orc warrior, 2 orc priests and an orc.

Vanquished Creatures
  A troll (D:6)
  A sky beast (D:7)
  An ice beast (D:4)
  An ogre (D:5)
  A centaur (D:4)
  A big kobold (Sewer)
  A bullfrog (D:6)
  2 scorpions
  A crimson imp (D:5)
  A bullfrog skeleton (D:4)
  3 orc wizards
  5 worker ants
  A hound skeleton (D:5)
  A gnoll (D:1)
  8 adders
  3 river rats
  2 shadow imps (D:5)
  An adder skeleton (D:5)
  8 worms
  A dart slug (D:2)
  5 leopard geckos
  12 orcs
  2 ball pythons
  5 giant cockroaches
  13 goblins
  8 hobgoblins
  11 jackals
  9 kobolds
  2 quokkas (D:4)
  8 bats
  10 frilled lizards (D:1)
  A jackal zombie (D:5)
  3 leopard gecko skeletons
  17 rats
150 creatures vanquished.

Notes
Turn   | Place    | Note
-------+----------+-------------------------------------------
     0 | D:1      | Fang the Gargoyle Berserker began the quest for the Orb.
     0 | D:1      | Reached XP level 1. HP: 14/14 MP: 1/1
    62 | D:1      | Reached XP level 2. HP: 10/19 MP: 2/2
   588 | D:1      | Reached XP level 3. HP: 24/24 MP: 3/3
   677 | D:1      | Reached ** piety under Trog
  1428 | D:2      | Reached XP level 4. HP: 29/29 MP: 4/4
  2007 | D:3      | Reached skill level 4 in Fighting
  2088 | D:3      | Reached XP level 5. HP: 28/33 MP: 5/5
  2221 | D:3      | Reached *** piety under Trog
  2299 | D:3      | Found an ancient bone altar of Kikubaaqudgha.
  2360 | D:3      | Found a deep blue altar of Sif Muna.
  2929 | D:4      | Reached XP level 6. HP: 33/39 MP: 6/6
  3287 | D:4      | Found a shadowy altar of Dithmenos.
  3353 | D:4      | Found a sacrificial altar of Ru.
  3473 | D:4      | Noticed an ice beast
  3482 | D:4      | Killed an ice beast
  3482 | D:4      | Reached skill level 5 in Fighting
  3639 | D:4      | Reached XP level 7. HP: 29/44 MP: 7/7
  3711 | D:4      | Found a blossoming altar of Fedhas.
  3798 | D:5      | Entered Level 5 of the Dungeon
  3982 | D:5      | Got a crude hand axe
  3983 | D:5      | Identified the +0 hand axe of Red Wine {holy, rElec rPois
                  | Int-2} (You found it on level 5 of the Dungeon)
  4091 | D:5      | Found a staircase to the Ecumenical Temple.
  4348 | D:5      | Reached skill level 5 in Armour
  4455 | D:5      | Found a glowing drain.
  4462 | Sewer    | Entered a sewer
  4658 | Sewer    | Reached XP level 8. HP: 51/51 MP: 8/8
  4677 | Sewer    | Found a white marble altar of Elyvilon.
  5099 | D:6      | Noticed a troll
  5105 | D:6      | Reached **** piety under Trog
  5117 | D:6      | Killed a troll
  5117 | D:6      | Reached skill level 6 in Fighting
  5117 | D:6      | Reached skill level 5 in Axes
  6099 | D:7      | Found Emuamonu's Weapon Emporium.
  6240 | D:7      | Killed from afar by an orc priest

Skill      XL: |  1  2  3  4  5  6  7  8 |
---------------+-------------------------+-----
Axes           | 3 4 5 |  5.3
Dodging        | 2 3 4 |  4.4
Armour         | 3 4 5 |  5.9
Fighting       | 4 5 6 |  6.5

Action                   |  1- 3 |  4- 6 |  7- 9 || total
-------------------------+-------+-------+-------++-------
Melee: Hand axe          |   119 |   154 |   285 ||   558
       Spear             |       |    28 |       ||    28
       War axe           |       |    79 |    52 ||   131
Invok: Berserk           |     2 |     3 |     3 ||     8
       Trog's Hand       |       |     2 |     1 ||     3
  Use: Scroll            |       |       |    14 ||    14
 Stab: Paralysed         |       |     1 |       ||     1
  Eat: Chunk             |     4 |     7 |    12 ||    23
       Ration            |       |     1 |       ||     1
Armor: Animal skin       |    42 |       |       ||    42
       Chain mail        |       |    65 |       ||    65
       Plate armour      |       |   194 |   267 ||   461
Dodge: Dodged            |    86 |   113 |   158 ||   357
